 Dungeon Crawl Stone Soup version 0.27-a0-765-ge4d627daa3 (webtiles) character file.

Game seed: 5818546883492200941

23 JPVeigar the Skirmisher (level 2, 0/27 HPs)
             Began as a Minotaur Monk on Mar 25, 2021.
             Slain by an adder (5 damage)
             ... on level 1 of the Dungeon.
             The game lasted 00:01:19 (968 turns).

JPVeigar the Skirmisher (Minotaur Monk)              Turns: 968, Time: 00:01:19

Health: 0/27       AC:  3    Str: 15    XL:     2   Next: 75%
Magic:  1/1        EV: 11    Int:  7    God:
Gold:   28         SH:  3    Dex: 12    Spells: 1/1 levels left

rFire    . . .     SeeInvis .   a - +0 mace
rCold    . . .     Faith    .   g - +0 buckler
rNeg     . . .     Spirit   .   c - +0 leather armour
rPois    .         Reflect  .   (helmet restricted)
rElec    .         Harm     .   (no cloak)
rCorr    .         Rampage  .   (no gloves)
Will     .....                  (no boots)
Stlth    +.........             (no amulet)
HPRegen  0.09/turn              (no ring)
MPRegen  0.07/turn              (no ring)

@: no status effects
A: horns 2, retaliatory headbutt
a: no special abilities


You were on level 1 of the Dungeon.
You visited 1 branch of the dungeon, and saw 2 of its levels.

You collected 77 gold pieces.
You spent 49 gold pieces at shops.

Inventory:

Hand Weapons
 a - a +0 mace (weapon)
Armour
 b - a +0 robe
 c - a +0 leather armour (worn)
 g - a +0 buckler (worn)
Jewellery
 e - a ring of wizardry
Scrolls
 f - a scroll of teleportation {unknown}
Potions
 d - a potion of degeneration {unknown}


   Skills:
 + Level 4.1 Fighting
 * Level 4.0 Maces & Flails
 + Level 0.0 Armour
 - Level 3.6 Dodging
 - Level 1.5 Stealth
 + Level 0.3 Shields


You had one spell level left.
You didn't know any spells.
Your spell library was empty.

Dungeon Overview and Level Annotations

Branches:
Dungeon (2/15)

Altars:

Shops:
D:1 [


Innate Abilities, Weirdness & Mutations

You have a pair of horns on your head.
You reflexively headbutt those who attack you in melee.


Message History

Done exploring.
Done exploring.
No target in view!
Done exploring.
Done exploring.
Done exploring.
Search for what [? for help]? whip Can't find anything matching that.
Done exploring.
Done exploring.
Done exploring.
Done exploring.
Done exploring.
(D) Dungeon
Where to? (? - help)
There is an open door here.
There is a stone staircase leading down here.
You climb downwards.
A bat, an adder, a rat, a goblin and 4 gnolls come into view.
The adder hisses angrily.
The gnoll shouts! x4; The goblin shouts!
Found 18 arrows.
There is a stone staircase leading up here.
There are monsters nearby!
You sock the gnoll!
The gnoll is severely wounded.
The gnoll hits you with a +0 whip! The gnoll hits you with a +0 club.
You hit the gnoll but do no damage.
The gnoll is severely wounded.
You block the bat's attack. The rat bites you but does no damage.
The gnoll hits you with a +0 whip. You block the gnoll's attack.
The bat hits you but does no damage. The adder bites you but does no damage.
The bat hits you but does no damage. The rat closely misses you.
The adder barely misses you. The gnoll completely misses you.
The gnoll hits you with a +0 whip!
* * * LOW HITPOINT WARNING * * *
The gnoll closely misses you. The bat hits you but does no damage.
You climb upwards.
There is a stone staircase leading down here.
The adder bites you.
You die...

#.....)........#####......†..#
#####.#######.## ####.....### #.#
#.# #........# #.# #.# #.##.###.#
##.# ##'## #.##.# #.# #..#
##...## #.##.# #.#
#####.######.....## #.##.# #.#
.........##.......## #..#.###.#
......##.#....gg@..####........##
.........'....rbS..'.............
......##.#......g..####.......###
.........##......∩## #.......#
#.##########.....## #.......# #.#
##...## #.......# #.# ##'##
#.......# #.# #######.###
#.......# #.# #......††.#
#.......#


You could see 3 gnolls, an adder, a bat and a rat.

Vanquished Creatures
  2 giant cockroaches (D:1)
  A goblin (D:1)
  2 hobgoblins (D:1)
  4 jackals (D:1)
  A quokka (D:1)
  2 ball pythons (D:1)
  2 bats (D:1)
  2 frilled lizards (D:1)
  4 kobolds (D:1)
  A rat (D:1)
21 creatures vanquished.

Notes
Turn   | Place    | Note
-------+----------+-------------------------------------------
     0 | D:1      | JPVeigar the Minotaur Monk began the quest for the Orb.
     0 | D:1      | Reached XP level 1. HP: 19/19 MP: 0/0
   384 | D:1      | Reached XP level 2. HP: 27/27 MP: 1/1
   797 | D:1      | Found Doaplil's Armour Shoppe.
   805 | D:1      | Bought a +0 buckler for 49 gold pieces
   968 | D:1      | Slain by an adder

Illustrated notes

Levels and vault maps discovered:
D:1:      evilmike_arrival_plus, layout_loops_corners, serial_shops, shop
D:2:      layout_loops_ring, overflow_temple_1_default, uniq_jessica

Skill      XL: |  1  2 |
---------------+-------+-----
Fighting       | 4 |  4.1
Maces & Flails | 4 |  4.0
Dodging        | |  3.6
Stealth        | |  1.5
Shields        | |  0.3

Action                   || total
-------------------------++-------
Melee: Mace              ||    39
       Headbutt          ||     4
 Stab: Sleeping          ||     3
Armor: Leather armour    ||    17
Dodge: Dodged            ||    34
Block: Buckler           ||     2

Table legend: (Time is in decaauts)
 A = Elapsed time spent in this place.
 B = Non-inter-level travel time spent in this place.
 C = Inter-level travel time spent in this place.
 D = Time resting spent in this place.
 E = Time spent auto-exploring this place.
 F = Levels seen in this place.
 G = Mean time per level.
                   A        B        C        D        E       F      G
               +--------+--------+--------+--------+--------+-----+--------+
         Total |    977 |    958 |     19 |      0 |    822 |   2 |  488.5 |
       Dungeon |    977 |    958 |     19 |      0 |    822 |   2 |  488.5 |
               +--------+--------+--------+--------+--------+-----+--------+

Top non-repeatable levels by time:
     D:1: 973 daAuts
     D:2: 4 daAuts
